 Dungeon Crawl Stone Soup version 0.18.1-1-g2f07953 (webtiles) character file.

195 Hipnos the Charlatan (level 6, -3/34 HPs)
             Began as a Kobold Artificer on May 7, 2016.
             Slain by an iguana (8 damage)
             ... on level 4 of the Dungeon.
             The game lasted 00:12:54 (2906 turns).

Hipnos the Charlatan (Kobold Artificer)             Turns: 2906, Time: 00:12:55

Health: -3/34      AC:  6    Str: 10    XL:     6   Next: 4%
Magic:  9/9        EV: 16    Int: 12    God:
Gold:   134        SH:  4    Dex: 16    Spells: 0 memorised, 5 levels left

rFire  . . .     SeeInvis .     a - +0 short sword
rCold  . . .     Gourm    .     b - +0 leather armour
rNeg   . . .     Faith    .     k - +0 buckler {AC+3}
rPois  .         Spirit   .     (no helmet)
rElec  .         Dismiss  .     (no cloak)
rCorr  .         Reflect  .     (no gloves)
SustAt .         Harm     .     (no boots)
MR     .....                    (no amulet)
Stlth  ++........               (no ring)
                                (no ring)

@: not resistant to hostile enchantments, unstealthy
A: carnivore 3
a: no special abilities


You were on level 4 of the Dungeon.
You were very full.

You visited 1 branch of the dungeon, and saw 4 of its levels.

You collected 134 gold pieces.

Inventory:

Hand Weapons
 a - a +0 short sword (weapon)
Armour
 b - a +0 leather armour (worn)
 k - a +0 buckler of protection (worn)
Wands
 c - a wand of flame (0/48)
 d - a wand of enslavement (5/24)
 e - a wand of random effects (7/48)
 q - a wand of lightning (0/15)
Scrolls
 g - a scroll of immolation {unknown}
 h - 2 scrolls of blinking {unknown}
 j - a scroll of amnesia {unknown}
 l - 2 scrolls of identify {unknown}
 m - a scroll of fog {unknown}
 p - a scroll of enchant armour {unknown}
 r - a scroll of remove curse {unknown}
 s - a scroll of magic mapping {unknown}
Potions
 i - a potion of degeneration {unknown}
 n - 2 potions of curing {unknown}
Comestibles
 f - a meat ration
 o - 2 beef jerkies


   Skills:
 + Level 1.4 Fighting
 + Level 2.1 Short Blades
 + Level 0.5 Armour
 + Level 4.8 Dodging
 + Level 3.2 Stealth
 + Level 0.5 Shields
 + Level 4.8 Evocations


You had 5 spell levels left.
You didn't know any spells.

Dungeon Overview and Level Annotations

Branches:
Dungeon (4/15)
 Temple: D:4-7

Altars:
Cheibriados
Elyvilon
Vehumet
Xom
Yredelemnul


Innate Abilities, Weirdness & Mutations

You are small and have problems with some larger weapons.
You are carnivorous and can eat meat at any time.


Message History

The dart slug is almost dead.
You hit the dart slug but do no damage.
The dart slug is almost dead.
The iguana bites you.
The dart slug bites you but does no damage.
You hit the dart slug.
You kill the dart slug!
The iguana bites you! x2
* * * LOW HITPOINT WARNING * * *
Zapping:
d - a wand of enslavement (7/24)
Press: ? - help, Shift-Dir - straight line, f - iguana
Aim: an iguana (chance to defeat MR: 65%)
The iguana struggles to resist.
This wand has 6 charges left.
The iguana bites you but does no damage.
Zapping:
d - a wand of enslavement (6/24)
Press: ? - help, Shift-Dir - straight line, f/p - iguana
Aim: an iguana (chance to defeat MR: 65%)
The iguana struggles to resist.
This wand has 5 charges left.
The iguana bites you!
You die...

####### .......
############# .......##
#............ ......#
#............ ....#
#............ #.l#
#............
#.##.@####.#####.#####
#..........#####.#
#.###.#.#.....(#.#
###.###.#.#..#####.#
................##.#####
.......................
####.##...#........#####
............###..#.#
####.##<#.#.###..#.#


You could see an iguana.

Vanquished Creatures
  Ijyb (D:2)
  3 worker ants
  A sheep (D:3)
  2 adders
  An ooze (D:2)
  2 worms (D:2)
  2 dart slugs
  A ball python (D:3)
  3 giant cockroaches
  5 goblins
  7 hobgoblins
  2 jackals (D:1)
  3 quokkas
  8 bats
  2 giant newts
  8 kobolds
  4 rats
55 creatures vanquished.

Vanquished Creatures (collateral kills)
  An adder skeleton (D:4)
  A dart slug (D:2)
  A giant gecko (D:2)
  A hobgoblin (D:2)
  A jackal (D:2)
  A kobold (D:1)
  A rat (D:2)
7 creatures vanquished.

Vanquished Creatures (others)
  A giant cockroach (D:2)
  2 goblins
3 creatures vanquished.

Grand Total: 65 creatures vanquished

Notes
Turn   | Place    | Note
--------------------------------------------------------------
     0 | D:1      | Hipnos the Kobold Artificer began the quest for the Orb.
     0 | D:1      | Reached XP level 1. HP: 12/12 MP: 3/3
   226 | D:1      | Reached XP level 2. HP: 12/16 MP: 5/5
   772 | D:2      | Reached XP level 3. HP: 13/20 MP: 6/6
  1014 | D:2      | Noticed Ijyb
  1028 | D:2      | Killed Ijyb
  1028 | D:2      | Reached XP level 4. HP: 25/25 MP: 7/7
  1371 | D:3      | Noticed Terence
  1375 | D:3      | Noticed Terence
  1375 | D:3      | Terence changed into Terence the sheep
  1379 | D:3      | Killed Terence the sheep
  1379 | D:3      | Reached XP level 5. HP: 16/29 MP: 8/8
  1731 | D:3      | Found a basalt altar of Yredelemnul.
  1736 | D:3      | Found a white marble altar of Elyvilon.
  1738 | D:3      | Found a radiant altar of Vehumet.
  1739 | D:3      | Found a shimmering altar of Xom.
  1741 | D:3      | Found a snail-covered altar of Cheibriados.
  2591 | D:4      | Reached XP level 6. HP: 17/34 MP: 9/9
  2906 | D:4      | Slain by an iguana

Skill      XL: |  1  2  3  4  5 |
---------------+----------------+-----
Evocations     | 4 |  4.8
Dodging        | 3 4 |  4.8
Stealth        | 2 3 |  3.2
Short Blades   | 2 |  2.1
Fighting       | |  1.4
Armour         | |  0.5
Shields        | |  0.5

Action                   |  1- 3 |  4- 6 || total
-------------------------+-------+-------++-------
Melee: Short sword       |    51 |   194 ||   245
Evoke: Wand              |    20 |    15 ||    35
 Stab: Sleeping          |     2 |     4 ||     6
       Paralysed         |     2 |       ||     2
       Distracted        |     1 |       ||     1
  Eat: Chunk             |     9 |     5 ||    14
Armor: Leather armour    |    10 |    56 ||    66
Dodge: Dodged            |    37 |   193 ||   230
Block: Buckler           |     2 |    50 ||    52
